 Dungeon Crawl Stone Soup version 0.22-a0-467-g5c5de1c (webtiles) character file.

17 gruber the Cutter (level 2, 0/19 HPs)
             Began as a Kobold Berserker on June 10, 2018.
             Was a Follower of Trog.
             Slain by a kobold
             ... wielding a +0 dagger
              (3 damage)
             ... on level 1 of the Dungeon.
             The game lasted 00:01:00 (520 turns).

gruber the Cutter (Kobold Berserker)                 Turns: 520, Time: 00:01:01

Health: 0/19       AC:  3    Str: 14    XL:     2   Next: 80%
Magic:  2/2        EV: 15    Int:  8    God:    Trog [*.....]
Gold:   62         SH:  0    Dex: 14    Spells: 1/1 levels left

rFire    . . .     SeeInvis .   a - +0 short sword
rCold    . . .     Gourm    .   (shield restricted)
rNeg     . . .     Faith    .   b - +0 animal skin
rPois    .         Spirit   .   (no helmet)
rElec    .         Reflect  .   g - +0 cloak
rCorr    .         Harm     .   (no gloves)
MR       .....                  (no boots)
Stlth    +.........             (no amulet)
HPRegen  0.06/turn              (no ring)
MPRegen  0.08/turn              (no ring)

@: berserk cooldown, slowed, very slow
A: small, carnivore
a: Berserk, Renounce Religion


You were on level 1 of the Dungeon.
You worshipped Trog.
Trog was aware of your devotion.
You were not hungry.

You visited 1 branch of the dungeon, and saw 1 of its levels.

You collected 62 gold pieces.

Inventory:

Hand Weapons
 a - a +0 short sword (weapon)
Armour
 b - a +0 animal skin (worn)
 g - a +0 cloak (worn)
Scrolls
 d - 2 scrolls of remove curse {unknown}
 f - a scroll of identify {unknown}
Potions
 e - a potion of agility {unknown}
Comestibles
 c - a ration


   Skills:
 - Level 3.2 Fighting
 + Level 5.2 Short Blades
 - Level 1.5 Armour
 - Level 2.4 Dodging


You had one spell level left.
You didn't know any spells.
Your spell library was empty.

Dungeon Overview and Level Annotations

Branches:
Dungeon (1/15)

Altars:


Innate Abilities, Weirdness & Mutations

You are small and have problems with some larger weapons.
You are carnivorous and can eat meat at any time.


Message History

You kill the jackal!
Trog accepts your kill.
A kobold comes into view. It is wielding a dagger.
The kobold shouts!
You feel a strong urge to attack something.
You feel your anger nearly subside.
You are no longer berserk.
You pass out from exhaustion.
You feel yourself slow down. The kobold hits you with a dagger. x2
* * * LOW HITPOINT WARNING * * *
You can move again.
You completely miss the kobold. The kobold barely misses you.
You closely miss the kobold. The kobold hits you with a dagger.
* * * LOW HITPOINT WARNING * * *
You barely miss the kobold. The kobold closely misses you.
You hit the kobold.
The kobold is severely wounded.
The kobold hits you with a dagger.
You die...

#...............
#........#......
####............
..######.....##.....
............>....#..
########..##.##..#..
.######..............#..
..............##........
######@####..##.###...#
#.....K......##.#####.#
#.##.........# #.....
...#.#.g.....##. #.##.#
................# #..
.....##.†....#### #.#
##### #.)$....# #.
....##..# # .#.......# .


You could see a goblin and a kobold.

Vanquished Creatures
  3 bats (D:1)
  A giant cockroach (D:1)
  A hobgoblin (D:1)
  4 jackals (D:1)
  2 frilled lizards (D:1)
  5 kobolds (D:1)
16 creatures vanquished.

Notes
Turn   | Place    | Note
-------+----------+-------------------------------------------
     0 | D:1      | gruber the Kobold Berserker began the quest for the Orb.
     0 | D:1      | Reached XP level 1. HP: 14/14 MP: 1/1
   316 | D:1      | Reached XP level 2. HP: 12/19 MP: 2/2
   502 | D:1      | Reached skill level 5 in Short Blades
   520 | D:1      | Slain by a kobold

Vault maps used:
D:1:      dpeg_cavernosity

Skill      XL: |  1  2 |
---------------+-------+-----
Short Blades   | 5 |  5.2
Fighting       | |  3.2
Armour         | |  1.5
Dodging        | |  2.4

Action                   || total
-------------------------++-------
Melee: Short sword       ||    81
Invok: Berserk           ||     1
Armor: Animal skin       ||    14
Dodge: Dodged            ||   102

Table legend:
 A = Spawn XP
 B = Non-spawn XP
 C = Spawn XP percentage of total XP
 D = Spawn monster count
 E = Non-spawn monster count
 F = Spawn count percentage of total count
 G = Total turns spent on level
                    A         B        C        D         E        F      G
               +---------+---------+-------+---------+---------+-------+---------
         Total |       0 |      25 |   0.0 |       0 |      16 |   0.0 |   520
               +---------+---------+-------+---------+---------+-------+---------
           D:1 |       0 |      25 |   0.0 |       0 |      16 |   0.0 |   520
               +---------+---------+-------+---------+---------+-------+---------
